[Event "ICC tourney 2355 (60 10)"]
[Site "Internet Chess Club"]
[Date "2021.01.31"]
[Round "4"]
[White "DVWANG"]
[Black "rubblepup"]
[Result "0-1"]
[ICCResult "White checkmated"]
[WhiteElo "1044"]
[BlackElo "1288"]
[Opening "Ruy Lopez: exchange variation"]
[ECO "C68"]
[NIC "RL.08"]
[Time "10:01:56"]
[PlyCount "68"]
[TimeControl "3600+10"]

1. e4 e5 2. Nf3 Nc6 3. Bb5 a6 4. Bxc6 dxc6 5. d3 Bd6 6. Nbd2 Nf6 7. Nc4 Bg4
8. h3 Bh5 9. g4 Bg6 10. Ncxe5 Bxe5 11. Nxe5 O-O 12. Nxg6 fxg6 13. Be3 Qe7
14. Qe2 Qb4+ 15. Qd2 Qxb2 16. Ke2 Qe5 17. f4 Qe7 18. Rab1 b6 19. Qc3 Qe8
20. Rb4 c5 21. Ra4 Qxa4 22. Qb3+ Qxb3 23. cxb3 Rad8 24. f5 gxf5 25. gxf5
Rd7 26. Rg1 Kh8 27. e5 Nd5 28. f6 Nxe3 29. Kxe3 gxf6 30. exf6 Rxf6 31. Rg5
Re7+ 32. Kd2 Rf2+ 33. Kc1 Rxa2 34. Rf5 Re1# { White checkmated } 0-1

[Event "ICC tourney 2355 (60 10)"]
[Site "Internet Chess Club"]
[Date "2021.01.31"]
[Round "4"]
[White "santiagorondeau"]
[Black "julians2012"]
[Result "1-0"]
[ICCResult "Black checkmated"]
[WhiteElo "1069"]
[BlackElo "750"]
[Opening "KP: Nimzovich defense"]
[ECO "B00"]
[NIC "VO.05"]
[Time "10:01:53"]
[PlyCount "143"]
[TimeControl "3600+10"]

1. e4 Nc6 2. Nf3 d5 3. exd5 Qxd5 4. Nc3 Qd8 5. Bc4 Bf5 6. O-O Nf6 7. d4 e6
8. Re1 Be7 9. d5 exd5 10. Bxd5 Nxd5 11. Nxd5 Be6 12. Nxe7 Qxd1 13. Rxd1
Nxe7 14. Bf4 Rc8 15. Be3 O-O 16. Bxa7 b6 17. Nd4 Bg4 18. Re1 Nf5 19. Nxf5
Bxf5 20. Re7 Be6 21. a4 Rfe8 22. Rxe8+ Rxe8 23. a5 bxa5 24. Rxa5 Ra8 25.
Ra3 Rd8 26. h3 Ra8 27. Bc5 Rxa3 28. Bxa3 Bf5 29. c3 f6 30. Kf1 Be6 31. Ke2
Bd5 32. g3 Bg2 33. h4 Kf7 34. Ke3 Bh3 35. b4 Bd7 36. c4 c6 37. c5 Ke6 38.
Kd4 Kf5 39. f3 g5 40. hxg5 fxg5 41. Ke3 h5 42. Kf2 g4 43. f4 Ke4 44. Ke2
Kd4 45. Bc1 Bf5 46. Be3+ Kc4 47. Bd2 Kd4 48. Ke1 Bd3 49. Kf2 Ke4 50. Be3
Bb5 51. Bc1 Bd3 52. Bb2 Kd5 53. Bc3 Kc4 54. Be1 Bf5 55. Ke3 Kd5 56. Bc3 Kc4
57. Bb2 Kxb4 58. Kd4 Be6 59. Ke5 Bd5 60. Kd6 Kc4 61. f5 h4 62. gxh4 g3 63.
Bc1 Be4 64. f6 Kd3 65. Bf4 g2 66. Bh2 Bf3 67. f7 Ke2 68. f8=Q Kf2 69. Qg7
Kf1 70. Qg3 Ke2 71. Bg1 Kf1 72. Qf2# { Black checkmated } 1-0

[Event "ICC tourney 2355 (60 10)"]
[Site "Internet Chess Club"]
[Date "2021.01.31"]
[Round "4"]
[White "ironman31"]
[Black "Bananaville"]
[Result "1-0"]
[ICCResult "Black checkmated"]
[WhiteElo "1142"]
[BlackElo "809"]
[Opening "Queen's pawn: London system"]
[ECO "A45"]
[NIC "QP.07"]
[Time "10:02:05"]
[PlyCount "109"]
[TimeControl "3600+10"]

1. d4 Nf6 2. Bf4 e6 3. e3 g6 4. Nc3 Bg7 5. h4 d5 6. Bd3 Nc6 7. a3 Qe7 8.
Nf3 Bd7 9. Qb1 Ng4 10. b4 e5 11. dxe5 Ngxe5 12. Nxe5 Nxe5 13. Nxd5 Nxd3+
14. cxd3 Qd8 15. Nxc7+ Kf8 16. Nxa8 Bxa1 17. Qxa1 Rg8 18. Bh6+ Ke8 19. Qe5+
Be6 20. Nc7+ Kd7 21. Nxe6 fxe6 22. Qd4+ Kc6 23. Qxd8 Rxd8 24. Kd2 Kb5 25.
Bg5 Rd7 26. Kc3 Ka4 27. Ra1 a5 28. Bf4 Rd8 29. bxa5 Kxa5 30. Bc7+ Kb5 31.
Bxd8 Kc5 32. a4 Kd5 33. Kb4 Kc6 34. a5 h5 35. e4 e5 36. g3 Kd7 37. Bf6 Ke6
38. Bg5 Kd6 39. Kb5 Kc7 40. Bf6 Kd6 41. Kb6 Ke6 42. Bxe5 Kxe5 43. Kxb7 Kd4
44. a6 Kxd3 45. a7 Kxe4 46. a8=Q Kf3 47. Qf8+ Kg2 48. f4 Kh3 49. Qc8+ Kg2
50. Ra2+ Kf3 51. Qc3+ Kg4 52. Ra5 Kh3 53. g4+ Kxg4 54. Rg5+ Kxh4 55. Qg3# {
Black checkmated } 1-0

[Event "ICC tourney 2355 (60 10)"]
[Site "Internet Chess Club"]
[Date "2021.01.31"]
[Round "4"]
[White "srsmv"]
[Black "liznemiroff"]
[Result "1-0"]
[ICCResult "Black checkmated"]
[WhiteElo "1230"]
[BlackElo "969"]
[Opening "Sicilian: Alapin's variation (2.c3)"]
[ECO "B22"]
[NIC "SI.46"]
[Time "10:01:48"]
[PlyCount "39"]
[TimeControl "3600+10"]

1. e4 c5 2. c3 Nf6 3. e5 Nd5 4. Nf3 g6 5. d4 cxd4 6. cxd4 Bg7 7. Bc4 Nb6 8.
Bb3 Nc6 9. O-O O-O 10. Nc3 d6 11. e6 fxe6 12. Re1 Nb4 13. Ng5 N4d5 14. Nxe6
Bxe6 15. Rxe6 Nxc3 16. bxc3 Kh8 17. Qg4 Rc8 18. Rxg6 hxg6 19. Qh4+ Bh6 20.
Qxh6# { Black checkmated } 1-0

[Event "ICC tourney 2355 (60 10)"]
[Site "Internet Chess Club"]
[Date "2021.01.31"]
[Round "4"]
[White "TajMateo"]
[Black "NYCchesskid"]
[Result "1-0"]
[ICCResult "Black checkmated"]
[WhiteElo "1161"]
[BlackElo "591"]
[Opening "King's gambit"]
[ECO "C30"]
[NIC "KG.05"]
[Time "10:01:55"]
[PlyCount "59"]
[TimeControl "3600+10"]

1. e4 e5 2. f4 d6 3. Nf3 Nc6 4. Bc4 Bg4 5. d3 Nf6 6. O-O Be7 7. Nc3 O-O 8.
h3 Bxf3 9. Qxf3 Nd4 10. Qf2 Qd7 11. fxe5 dxe5 12. Bg5 Ng4 13. Bxf7+ Rxf7
14. Qxf7+ Kh8 15. Bxe7 Nh6 16. Qd5 Qxe7 17. Qxb7 Rd8 18. Nd5 Ne2+ 19. Kh2
Ng4+ 20. Kh1 Qh4 21. Qxc7 h6 22. Ne7 Re8 23. Ng6+ Kh7 24. Nxh4 Ng3+ 25. Kg1
Nxf1 26. Rxf1 Ne3 27. Rf7 Kg8 28. Rxg7+ Kh8 29. Rh7+ Kg8 30. Qg7# { Black
checkmated } 1-0

[Event "ICC tourney 2355 (60 10)"]
[Site "Internet Chess Club"]
[Date "2021.01.31"]
[Round "4"]
[White "zman-g"]
[Black "lvasilyev"]
[Result "1-0"]
[ICCResult "Black checkmated"]
[WhiteElo "771"]
[BlackElo "106"]
[Opening "Giuoco Piano"]
[ECO "C50"]
[NIC "IG.02"]
[Time "10:02:09"]
[PlyCount "73"]
[TimeControl "3600+10"]

1. e4 e5 2. Nf3 Nc6 3. Bc4 Bc5 4. O-O d6 5. h3 Qf6 6. Nc3 Qg6 7. Kh2 Nf6 8.
d3 Ng4+ 9. hxg4 Bxg4 10. Kg1 Bh3 11. Ng5 O-O 12. Nxh3 a6 13. Nd5 Rac8 14.
Bd2 Rce8 15. Bg5 h6 16. Bd2 b5 17. Bb3 Re6 18. Nxc7 Rf6 19. Nd5 Re6 20. Qe2
f5 21. exf5 Rxf5 22. Nhf4 Qg5 23. Nxe6 Qh4 24. Nxc5 dxc5 25. Ne7+ Kf8 26.
Nxf5 Qf6 27. Qh5 g6 28. Qxh6+ Ke8 29. Ng7+ Ke7 30. Bg5 Nd8 31. Nf5+ Kd7 32.
Bxf6 Nf7 33. Bxf7 gxf5 34. Bxe5 Ke7 35. Qf6+ Kd7 36. Qe6+ Kd8 37. Qe8# {
Black checkmated } 1-0

[Event "ICC tourney 2355 (60 10)"]
[Site "Internet Chess Club"]
[Date "2021.01.31"]
[Round "4"]
[White "santiagoF-hces"]
[Black "cautiouscottage"]
[Result "1-0"]
[ICCResult "Black checkmated"]
[WhiteElo "326"]
[BlackElo "1053"]
[Opening "QGD Slav defense"]
[ECO "D10"]
[NIC "SL.01"]
[Time "10:02:01"]
[PlyCount "143"]
[TimeControl "3600+10"]

1. d4 d5 2. c4 c6 3. Nc3 Nf6 4. Bf4 e6 5. g3 Nbd7 6. Bg2 Be7 7. Nf3 dxc4 8.
Ne5 Nxe5 9. dxe5 Qxd1+ 10. Rxd1 Nd5 11. Rd4 O-O 12. Rxc4 a6 13. Nxd5 cxd5
14. Rc2 Bd7 15. Rc7 Rfd8 16. Rxb7 Rab8 17. Rxb8 Rxb8 18. b3 Rc8 19. e4 d4
20. O-O Bb5 21. Rd1 Rd8 22. Bf1 Bxf1 23. Kxf1 d3 24. Ke1 Bb4+ 25. Kf1 Kf8
26. Kg2 Ke7 27. Kf3 h6 28. Ke3 Bc5+ 29. Kd2 Bxf2 30. Kc3 g5 31. Bc1 Bd4+
32. Kc4 Bxe5 33. Rxd3 Rxd3 34. Kxd3 f6 35. a3 Bd6 36. b4 f5 37. exf5 exf5
38. Bd2 Ke6 39. a4 Bc7 40. b5 axb5 41. axb5 Bb6 42. Be3 Bxe3 43. Kxe3 Kd6
44. Kd4 Kc7 45. Ke5 h5 46. Kxf5 Kb6 47. Kxg5 Kxb5 48. Kxh5 Kc6 49. Kg5 Kd7
50. Kg6 Ke7 51. Kg7 Ke6 52. h4 Kf5 53. h5 Kg5 54. h6 Kg4 55. h7 Kxg3 56.
h8=Q Kf4 57. Qh7 Ke5 58. Qg6 Kd4 59. Qf5 Ke3 60. Qg4 Kd3 61. Qf4 Kc3 62.
Qe4 Kd2 63. Qf3 Kc2 64. Qe3 Kb2 65. Qd3 Ka2 66. Qc3 Kb1 67. Qd2 Ka1 68. Kf6
Kb1 69. Ke5 Ka1 70. Kd4 Kb1 71. Kc3 Ka1 72. Qb2# { Black checkmated } 1-0

[Event "ICC tourney 2355 (60 10)"]
[Site "Internet Chess Club"]
[Date "2021.01.31"]
[Round "4"]
[White "kevinxps10"]
[Black "Finemerryjuice"]
[Result "1-0"]
[ICCResult "Black checkmated"]
[WhiteElo "995"]
[BlackElo "1186"]
[Opening "Caro-Kann defense"]
[ECO "B10"]
[NIC "CK.01"]
[Time "10:01:53"]
[PlyCount "55"]
[TimeControl "3600+10"]

1. e4 c6 2. Nf3 d5 3. exd5 cxd5 4. d4 Nc6 5. Nc3 Bf5 6. Bb5 a6 7. Bxc6+
bxc6 8. Ne5 Qb6 9. Qf3 e6 10. g4 Bg6 11. Nxg6 hxg6 12. Be3 Nf6 13. Rb1 Bb4
14. Ke2 Qb8 15. a3 Bxc3 16. bxc3 Qd6 17. Qf4 Qd7 18. Rb3 Rh4 19. h3 Nxg4
20. Rhb1 e5 21. Qg3 Rh7 22. hxg4 f5 23. Qxe5+ Qe7 24. Rb8+ Rxb8 25. Rxb8+
Kd7 26. Rb7+ Kd8 27. Qxe7+ Kc8 28. Qc7# { Black checkmated } 1-0

[Event "ICC tourney 2355 (60 10)"]
[Site "Internet Chess Club"]
[Date "2021.01.31"]
[Round "4"]
[White "Leochess2020"]
[Black "chessburger0220"]
[Result "0-1"]
[ICCResult "White resigns"]
[WhiteElo "894"]
[BlackElo "1096"]
[Opening "Scotch game"]
[ECO "C45"]
[NIC "SO.05"]
[Time "10:01:48"]
[PlyCount "80"]
[TimeControl "3600+10"]

1. e4 e5 2. Nf3 Nc6 3. d4 exd4 4. Nxd4 Bc5 5. Be3 Qf6 6. c3 Nge7 7. Be2 O-O
8. O-O Re8 9. Nxc6 Qxc6 10. Bxc5 Qxc5 11. Re1 d6 12. Nd2 Ng6 13. Bc4 Ne5
14. Be2 Be6 15. Qc2 Ng4 16. Rf1 Qe5 17. Nf3 Qf6 18. h3 Ne5 19. Nxe5 Qxe5
20. f4 Qc5+ 21. Kh1 Bc4 22. Bxc4 Qxc4 23. Rfe1 Re7 24. b3 Qc6 25. Rad1 Rae8
26. f5 Rxe4 27. Rxe4 Qxe4 28. Qf2 Re5 29. f6 g6 30. Qxa7 Qc6 31. Qd4 Re2
32. Qg4 Re6 33. Rf1 Qxc3 34. Qh4 Qb2 35. Qg5 Qe2 36. Rg1 Qxa2 37. Rf1 Qe2
38. Rf4 Qe1+ 39. Kh2 Qe5 40. Qh4 g5 { White resigns } 0-1

[Event "ICC tourney 2355 (60 10)"]
[Site "Internet Chess Club"]
[Date "2021.01.31"]
[Round "4"]
[White "littleknightie"]
[Black "ClarkSps77"]
[Result "1-0"]
[ICCResult "Black checkmated"]
[WhiteElo "753"]
[BlackElo "961"]
[Opening "Three knights game"]
[ECO "C46"]
[NIC "KP.06"]
[Time "10:01:50"]
[PlyCount "133"]
[TimeControl "3600+10"]

1. e4 e5 2. Nf3 Nc6 3. Nc3 Bb4 4. Bb5 d6 5. h3 Nf6 6. O-O O-O 7. d3 h6 8.
Be3 a6 9. Bc4 Be6 10. Bb3 Bxc3 11. bxc3 Bxb3 12. cxb3 Re8 13. Nh4 Nd7 14.
Nf5 Ne7 15. Qg4 Nxf5 16. exf5 Qf6 17. f4 exf4 18. Bxf4 Ne5 19. Bxe5 Rxe5
20. d4 Re7 21. Rae1 Rae8 22. Rxe7 Rxe7 23. c4 b6 24. d5 a5 25. Qg3 Qd4+ 26.
Kh1 Re3 27. Qf2 f6 28. Kh2 Qe5+ 29. Kh1 Re2 30. Qg1 Rxa2 31. Re1 Qxf5 32.
Re7 Qc2 33. Rxc7 Qxb3 34. Rc6 Qg3 35. Rxb6 a4 36. c5 dxc5 37. d6 Qd3 38.
Qxc5 Qd2 39. Qg1 Qd5 40. Rb8+ Kh7 41. Qb1+ g6 42. Qb7+ Qxb7 43. Rxb7+ Kg8
44. Rb8+ Kf7 45. d7 Rd2 46. d8=Q Rxd8 47. Rxd8 Ke6 48. Ra8 f5 49. Rxa4 g5
50. Ra6+ Ke5 51. Rxh6 f4 52. Kg1 Ke4 53. Kf2 Kf5 54. Kf3 Ke5 55. h4 gxh4
56. Rxh4 Ke6 57. Rxf4 Ke7 58. g4 Ke6 59. g5 Ke7 60. g6 Ke6 61. g7 Ke7 62.
g8=Q Kd6 63. Qd8+ Ke6 64. Re4+ Kf5 65. Qf8+ Kg6 66. Rg4+ Kh7 67. Qg7# {
Black checkmated } 1-0

[Event "ICC tourney 2355 (60 10)"]
[Site "Internet Chess Club"]
[Date "2021.01.31"]
[Round "4"]
[White "arjunbps10"]
[Black "DaltonTiger"]
[Result "1-0"]
[ICCResult "Black checkmated"]
[WhiteElo "919"]
[BlackElo "113"]
[Opening "Giuoco Piano"]
[ECO "C54"]
[NIC "IG.02"]
[Time "10:01:49"]
[PlyCount "163"]
[TimeControl "3600+10"]

1. e4 e5 2. Nf3 Nc6 3. Bc4 Bc5 4. c3 Nf6 5. d3 O-O 6. O-O d6 7. Bg5 h6 8.
Bh4 Bg4 9. Nbd2 Qe7 10. Re1 Rfe8 11. Nf1 Rad8 12. Ne3 Bxe3 13. Rxe3 a6 14.
Qe2 Be6 15. Bb3 b5 16. Bc2 b4 17. c4 Bg4 18. h3 Nd4 19. Qd1 Nxf3+ 20. gxf3
Bxh3 21. Kh2 Qe6 22. Bxf6 gxf6 23. Qg1+ Kh8 24. Qg3 Rg8 25. Qxh3 Qe7 26.
Rg1 Rxg1 27. Kxg1 Rg8+ 28. Kh1 Rg5 29. Qxh6+ Kg8 30. Re1 c6 31. Rg1 d5 32.
cxd5 cxd5 33. exd5 Qd8 34. Rxg5+ fxg5 35. Bb3 Qc7 36. Qxg5+ Kf8 37. Qh6+
Ke7 38. d6+ Qxd6 39. Qxd6+ Kxd6 40. Kg2 f5 41. Kg3 Ke7 42. f4 Kf6 43. Bc4
a5 44. b3 e4 45. a4 exd3 46. Bxd3 Ke6 47. Kh4 Kd5 48. Bxf5 Kd4 49. Bg4 Kc3
50. f5 Kxb3 51. f6 Kxa4 52. f7 b3 53. f8=Q b2 54. Qf5 Kb3 55. Qb1 a4 56. f4
a3 57. Bf5 a2 58. Kg5 a1=Q 59. Bc2+ Ka3 60. f5 Kb4 61. f6 Qa5+ 62. Kg6 Qe5
63. f7 Qg3+ 64. Kf6 Qh4+ 65. Kg7 Qd4+ 66. Kg8 Qd8+ 67. f8=Q+ Qxf8+ 68. Kxf8
Kc3 69. Ke7 Kd2 70. Qxb2 Ke3 71. Ba4 Kf3 72. Qd2 Ke4 73. Qc3 Kd5 74. Qb4
Ke5 75. Qc4 Kf5 76. Qd4 Kg6 77. Qe5 Kh6 78. Kd7 Kh7 79. Bc2+ Kh6 80. Qf5
Kg7 81. Ke7 Kh6 82. Qg6# { Black checkmated } 1-0

[Event "ICC tourney 2355 (60 10)"]
[Site "Internet Chess Club"]
[Date "2021.01.31"]
[Round "4"]
[White "SRA0612"]
[Black "ChampChamp21"]
[Result "1-0"]
[ICCResult "Black checkmated"]
[WhiteElo "826"]
[BlackElo "1078"]
[Opening "Scotch game"]
[ECO "C45"]
[NIC "SO.05"]
[Time "10:02:04"]
[PlyCount "169"]
[TimeControl "3600+10"]

1. e4 e5 2. Nf3 Nc6 3. d4 exd4 4. Nxd4 Bc5 5. Be3 Nxd4 6. Bxd4 Bxd4 7. Qxd4
d6 8. Qxg7 Qf6 9. Qxf6 Nxf6 10. Nc3 Be6 11. Bd3 Rg8 12. g3 O-O-O 13. Nb5
Kb8 14. a4 a6 15. Nc3 Rge8 16. O-O Bh3 17. Rfe1 h5 18. Kh1 h4 19. gxh4 Rg8
20. Rg1 Bg4 21. Be2 Bxe2 22. Nxe2 Rh8 23. f3 Rxh4 24. Rg2 d5 25. e5 Nd7 26.
f4 Nb6 27. b3 d4 28. Rd1 c5 29. c3 d3 30. Nc1 Rh3 31. Rgd2 c4 32. bxc4 Nxc4
33. Rxd3 Rhxd3 34. Rxd3 Rc8 35. Rd7 Rf8 36. Nd3 Nb6 37. Rd4 Rc8 38. a5 Nc4
39. Rd7 Nxa5 40. Rxf7 Rxc3 41. Nf2 b5 42. e6 Rc8 43. e7 Rc1+ 44. Kg2 Re1
45. Rf8+ Kc7 46. e8=Q Rxe8 47. Rxe8 b4 48. Re2 b3 49. Nd1 Nc4 50. Nb2 Na5
51. f5 Nc4 52. Nxc4 Kc6 53. f6 Kc5 54. f7 Kxc4 55. f8=Q Kc3 56. Qd8 b2 57.
Rxb2 Kxb2 58. Qd3 a5 59. Kf2 a4 60. Ke2 a3 61. Qxa3+ Kxa3 62. h3 Kb4 63. h4
Kc5 64. h5 Kd6 65. h6 Ke7 66. h7 Kd6 67. h8=Q Kc5 68. Qd8 Kb4 69. Qd5 Kc3
70. Ke3 Kc2 71. Qd3+ Kb2 72. Kd2 Ka2 73. Qc3 Kb1 74. Ke3 Ka2 75. Kd4 Kb1
76. Kc4 Ka2 77. Kb4 Kb1 78. Qf3 Kc2 79. Kc4 Kd2 80. Kd4 Kc2 81. Qd3+ Kb2
82. Kc4 Ka1 83. Qd2 Kb1 84. Kb3 Ka1 85. Qb2# { Black checkmated } 1-0

[Event "ICC tourney 2355 (60 10)"]
[Site "Internet Chess Club"]
[Date "2021.01.31"]
[Round "4"]
[White "bangingcuberyt"]
[Black "petitejudo"]
[Result "0-1"]
[ICCResult "White checkmated"]
[WhiteElo "612"]
[BlackElo "1162"]
[Opening "Queen's pawn, Mason variation"]
[ECO "D00"]
[NIC "QP.08"]
[Time "10:02:06"]
[PlyCount "82"]
[TimeControl "3600+10"]

1. d4 d5 2. Bf4 Nf6 3. e3 c5 4. c3 Nc6 5. Bd3 Bg4 6. Nf3 e6 7. Nbd2 c4 8.
Bc2 Bd6 9. Bg3 O-O 10. O-O b5 11. a3 a5 12. b4 a4 13. Qb1 Qc7 14. Ng5 g6
15. f3 Bh5 16. f4 Bg4 17. h3 Bf5 18. Bxf5 exf5 19. Qe1 Rfe8 20. Qf2 h6 21.
Ngf3 Re6 22. Rfe1 Rae8 23. Bh4 Nh7 24. Bg3 g5 25. fxg5 Bxg3 26. Qf1 Bxe1
27. Rxe1 Nxg5 28. Nxg5 hxg5 29. Qxf5 Qg3 30. e4 Qxe1+ 31. Nf1 Rg6 32. exd5
Ne7 33. Qd7 Nxd5 34. Qxd5 Qe6 35. Qxb5 Rf6 36. Qxg5+ Kf8 37. Qc5+ Re7 38.
d5 Rxf1+ 39. Kh2 Qe5+ 40. g3 Qe2+ 41. Qf2 Qxf2# { White checkmated } 0-1

[Event "ICC tourney 2355 (60 10)"]
[Site "Internet Chess Club"]
[Date "2021.01.31"]
[Round "4"]
[White "LH2013"]
[Black "Criminaltacos"]
[Result "0-1"]
[ICCResult "White resigns"]
[WhiteElo "735"]
[BlackElo "1208"]
[Opening "Neo-Indian (Seirawan) attack"]
[ECO "E00"]
[NIC "QP.07"]
[Time "10:02:01"]
[PlyCount "126"]
[TimeControl "3600+10"]

1. d4 Nf6 2. c4 e6 3. Bg5 Be7 4. Nc3 b6 5. Nf3 Bb7 6. e3 d6 7. Bd3 Nbd7 8.
O-O O-O 9. e4 c5 10. d5 e5 11. Nb5 a6 12. Bxf6 Nxf6 13. Nc3 Qd7 14. Qb3 Bd8
15. Rfd1 Bc7 16. Rac1 Qg4 17. Be2 Qg6 18. Qc2 Nh5 19. Nh4 Qg5 20. Bxh5 Qxh4
21. Qe2 Qg5 22. Qg4 Qxg4 23. Bxg4 Bc8 24. Bxc8 Raxc8 25. b3 f5 26. f3 f4
27. Kf2 Kf7 28. g3 Kg6 29. Rg1 Kh6 30. g4 g5 31. a3 Kg6 32. b4 Bb8 33. b5
a5 34. a4 Rh8 35. h3 h5 36. Rh1 Rh7 37. h4 Rch8 38. hxg5 hxg4 39. Rxh7 Rxh7
40. fxg4 Kxg5 41. Rg1 Rh4 42. Ne2 Rxg4 43. Rxg4+ Kxg4 44. Ng1 Bc7 45. Nf3
Bd8 46. Nd2 Bh4+ 47. Kg2 Be1 48. Nf3 Bg3 49. Nd2 Be1 50. Nf3 Bc3 51. Kf2
Bd4+ 52. Kg2 Be3 53. Ne1 Kh5 54. Kf3 Kh4 55. Ng2+ Kh3 56. Nxe3 fxe3 57.
Kxe3 Kg3 58. Kd3 Kf3 59. Kc3 Ke3 60. Kc2 Kxe4 61. Kc3 Ke3 62. Kc2 Kd4 63.
Kd2 Kxc4 { White resigns } 0-1

[Event "ICC tourney 2355 (60 10)"]
[Site "Internet Chess Club"]
[Date "2021.01.31"]
[Round "4"]
[White "mvasilyev"]
[Black "Gabriel-PS165"]
[Result "0-1"]
[ICCResult "White checkmated"]
[WhiteElo "402"]
[BlackElo "561"]
[Opening "Sicilian: Kan, 5.Bd3"]
[ECO "B42"]
[NIC "SI.42"]
[Time "10:01:52"]
[PlyCount "70"]
[TimeControl "3600+10"]

1. e4 c5 2. Nf3 e6 3. d4 cxd4 4. Nxd4 a6 5. Bd3 b5 6. O-O Bb7 7. Re1 Qb6 8.
Nf3 h5 9. Be3 Qd8 10. Ne5 g6 11. Qf3 Nf6 12. Bb6 Qe7 13. Bc5 Qd8 14. Bxf8
Rxf8 15. Nc3 b4 16. Nb1 a5 17. a3 bxa3 18. Rxa3 Nc6 19. Nxc6 Bxc6 20. Qe2
Qc7 21. Qf3 Ng4 22. g3 f5 23. exf5 Bxf3 24. fxe6 dxe6 25. Rxe6+ Kd8 26. Nc3
Re8 27. Rxg6 Re1+ 28. Bf1 Qc4 29. Rd6+ Kc7 30. Nd5+ Kxd6 31. Rd3 Qxd3 32.
cxd3 Kxd5 33. h3 Ne5 34. Kh2 Rxf1 35. h4 Rh1# { White checkmated } 0-1

[Event "ICC tourney 2355 (60 10)"]
[Site "Internet Chess Club"]
[Date "2021.01.31"]
[Round "4"]
[White "bananaplaychess"]
[Black "AarushB"]
[Result "1-0"]
[ICCResult "Black resigns"]
[WhiteElo "610"]
[BlackElo "932"]
[Opening "King's Indian defense, 3.Nc3"]
[ECO "E61"]
[NIC "KI.76"]
[Time "10:01:59"]
[PlyCount "87"]
[TimeControl "3600+10"]

1. d4 Nf6 2. c4 g6 3. Nc3 d6 4. Nf3 Bg7 5. Bf4 O-O 6. e4 Nc6 7. Be2 Bg4 8.
O-O Bxf3 9. Bxf3 Nd7 10. Be3 e5 11. Nb5 a6 12. Na3 exd4 13. Bf4 Re8 14. Qd2
Qf6 15. Rad1 d3 16. Bg5 Qe5 17. Qe3 Bf6 18. Bf4 Qxb2 19. Rxd3 Qb6 20. c5
Qxc5 21. Qxc5 Nxc5 22. Re3 Bb2 23. Nc4 Bd4 24. Re2 Bf6 25. e5 dxe5 26. Bxc6
bxc6 27. Bxe5 Bxe5 28. Rxe5 Rxe5 29. Nxe5 Re8 30. Nxc6 Nd3 31. h3 Re1 32.
Rxe1 Nxe1 33. Nb4 c5 34. Kf1 cxb4 35. Kxe1 a5 36. Kd2 Kf8 37. Kc2 Ke7 38.
Kb3 Ke6 39. Ka4 Kf5 40. Kxa5 f6 41. Kxb4 g5 42. a4 h5 43. a5 Ke6 44. a6 {
Black resigns } 1-0

[Event "ICC tourney 2355 (60 10)"]
[Site "Internet Chess Club"]
[Date "2021.01.31"]
[Round "4"]
[White "AntonCM"]
[Black "mimiant"]
[Result "1/2-1/2"]
[ICCResult "Game drawn by mutual agreement"]
[WhiteElo "1002"]
[BlackElo "1217"]
[Opening "French: Rubinstein variation"]
[ECO "C03"]
[NIC "FR.07"]
[Time "10:02:04"]
[PlyCount "81"]
[TimeControl "3600+10"]

1. e4 e6 2. d4 d5 3. Nd2 dxe4 4. Nxe4 Nd7 5. Nf3 Ngf6 6. Bd3 b6 7. O-O Bb7
8. Re1 Be7 9. Bf4 O-O 10. Nxf6+ Nxf6 11. Ne5 Qd5 12. Nf3 Qh5 13. Bxc7 Rac8
14. Bg3 Rfd8 15. h3 Bd6 16. Bxd6 Rxd6 17. c3 Qh6 18. Qc1 Qxc1 19. Raxc1
Bxf3 20. gxf3 Rcd8 21. Be4 Nxe4 22. fxe4 f6 23. e5 Rd5 24. exf6 R8d6 25.
fxg7 Rg5+ 26. Kh2 Rxg7 27. Rg1 Rxg1 28. Rxg1+ Kf7 29. Rg5 Kf6 30. f4 h6 31.
Re5 Rd5 32. Kg3 a5 33. Rxd5 exd5 34. Kg4 Kg6 35. h4 h5+ 36. Kg3 Kf5 37. Kf3
b5 38. b4 a4 39. a3 Kg6 40. Kf2 Kf5 41. Kg3 { Game drawn by mutual
agreement } 1/2-1/2

[Event "ICC tourney 2355 (60 10)"]
[Site "Internet Chess Club"]
[Date "2021.01.31"]
[Round "4"]
[White "tinyattacker"]
[Black "Bg71"]
[Result "1/2-1/2"]
[ICCResult "Game drawn by repetition"]
[WhiteElo "1216"]
[BlackElo "1377"]
[Opening "Caro-Kann: Panov-Botvinnik attack, 5...e6"]
[ECO "B14"]
[NIC "CK.03"]
[Time "10:02:26"]
[PlyCount "85"]
[TimeControl "3600+10"]

1. e4 c6 2. d4 d5 3. exd5 cxd5 4. c4 Nf6 5. Nc3 e6 6. Nf3 Bb4 7. a3 Bxc3+
8. bxc3 Nc6 9. Bg5 O-O 10. Bd3 h6 11. Bh4 Re8 12. O-O e5 13. cxd5 e4 14.
dxc6 exd3 15. Qxd3 bxc6 16. Rfe1 Be6 17. Ne5 Rc8 18. Qg3 Bf5 19. Re3 Qd6
20. Bxf6 Qxf6 21. Rae1 Re6 22. Nd7 Qe7 23. Rxe6 Bxe6 24. Nc5 g6 25. Nxe6
Re8 26. Re3 Qxa3 27. h3 Rxe6 28. Rxe6 fxe6 29. Qxg6+ Kf8 30. Qxh6+ Ke7 31.
Qg7+ Ke8 32. Qg8+ Kd7 33. Qf7+ Kd8 34. Qxe6 Qc1+ 35. Kh2 Qf4+ 36. Kg1 Qc1+
37. Kh2 Qf4+ 38. g3 Qxf2+ 39. Kh1 Qf1+ 40. Kh2 Qf2+ 41. Kh1 Qf1+ 42. Kh2
Qf2+ 43. Kh1 { Game drawn by repetition } 1/2-1/2

[Event "ICC tourney 2355 (60 10)"]
[Site "Internet Chess Club"]
[Date "2021.01.31"]
[Round "4"]
[White "OliverLam"]
[Black "SKH2011"]
[Result "0-1"]
[ICCResult "White checkmated"]
[WhiteElo "317"]
[BlackElo "777"]
[Opening "two knights: Max Lange attack, Steinitz variation"]
[ECO "C50"]
[NIC "IG.02"]
[Time "10:01:52"]
[PlyCount "126"]
[TimeControl "3600+10"]

1. e4 e5 2. Nf3 Nc6 3. Bc4 Bc5 4. O-O Nf6 5. d4 exd4 6. e5 Ng4 7. Re1 O-O
8. Qd3 h6 9. h3 Nxf2 10. Kxf2 Nb4 11. Qd2 d3+ 12. Kf1 Nxc2 13. Qxd3 Nxa1
14. Qe4 Kh8 15. Bd3 f5 16. Qd5 Bb4 17. Re2 c6 18. Qc4 Ba5 19. b4 Bc7 20.
Bb2 Re8 21. Bxa1 d5 22. Qd4 Qe7 23. e6 Rg8 24. Bxf5 Bb6 25. Qc3 Rf8 26. Bg4
c5 27. Qd2 Kg8 28. Kg1 cxb4+ 29. Kh1 Qc5 30. Bd4 Qc7 31. e7 Re8 32. Be5
Qxe7 33. Bh5 Rf8 34. Qxd5+ Qe6 35. Qxe6+ Bxe6 36. Bd6 Rfe8 37. Bxe8 Rxe8
38. Nbd2 Kf7 39. Ne5+ Kf6 40. Ng4+ Kg6 41. Nc4 Kf7 42. Nce5+ Kg8 43. Re4 a5
44. Rf4 Bxa2 45. Ng6 b3 46. Ba3 Bc5 47. Bb2 Re2 48. Rf2 Bxf2 49. Nxf2 Rxb2
50. Nd3 Rd2 51. Nc1 b2 52. Nxa2 b1=Q+ 53. Kh2 Qxa2 54. Kg3 Rxg2+ 55. Kf4
Qf2+ 56. Ke5 Rxg6 57. Kd5 Qf5+ 58. Kd4 Rc6 59. Ke3 Rc4 60. Ke2 Qxh3 61. Ke1
Rc2 62. Kd1 Ra2 63. Kc1 Qh1# { White checkmated } 0-1

[Event "ICC tourney 2355 (60 10)"]
[Site "Internet Chess Club"]
[Date "2021.01.31"]
[Round "4"]
[White "LeoNYC"]
[Black "chessimposter"]
[Result "0-1"]
[ICCResult "White checkmated"]
[WhiteElo "1145"]
[BlackElo "997"]
[Opening "Sicilian: Alapin's variation (2.c3)"]
[ECO "B22"]
[NIC "SI.46"]
[Time "10:02:41"]
[PlyCount "56"]
[TimeControl "3600+10"]

1. e4 c5 2. c3 d6 3. d4 cxd4 4. cxd4 g6 5. Nf3 Bg7 6. Be3 Nf6 7. Nc3 O-O 8.
Bd3 Nc6 9. O-O Bd7 10. a3 Ng4 11. d5 Nxe3 12. fxe3 Ne5 13. Nxe5 Bxe5 14.
Qf3 Qb6 15. Rab1 e6 16. Rf2 exd5 17. exd5 Rae8 18. Re1 f5 19. Qe2 f4 20.
Kh1 fxe3 21. Rxf8+ Rxf8 22. Qxe3 Qxb2 23. Nb1 Bd4 24. Qe7 Qf2 25. h3 Re8
26. Qxd7 Rxe1+ 27. Bf1 Rxf1+ 28. Kh2 Be5# { White checkmated } 0-1